[Event "Titled Tuesday Blitz November 29 Early 2022"]
[White "Oparin, Grigoriy"]
[Black "Hristodoulou, Panagiotis"]
[WhiteFideId "24125890"]
[BlackFideId "4214340"]
[WhiteElo "2972"]
[BlackElo "2666"]
[Result "1-0"]
[Round "05"]
[TimeControl "180+1"]
[Date "2022.11.30"]
[WhiteClock "0:00:10"]
[BlackClock "0:00:02"]

1. c4 e6 2. Nc3 d5 3. d4 h6 4. Nf3 Nf6 5. g3 Nc6 6. Bg2 Bd6 7. O-O O-O 8. b3 dxc4 9. bxc4 e5 10. c5 exd4 11. cxd6 dxc3 12. dxc7 Qxc7 13. Qb3 Re8 14. Qxc3 Rxe2 15. Nd4 Re8 16. Bf4 Qa5 17. Qxa5 Nxa5 18. Nb5 Bd7 19. Nc7 Bc6 20. Nxa8 Rxa8 21. Bxc6 Nxc6 22. Rab1 b6 23. Rfc1 Nd4 24. Kf1 Ne6 25. Be3 Ng4 26. Kg2 Nxe3+ 27. fxe3 Nc5 28. Rd1 Re8 29. Kf3 Re6 30. Rb4 g5 31. h4 Kg7 32. Rd8 Rf6+ 33. Ke2 Re6 34. Rbd4 Ne4 35. Kf3 Nc5 36. Ra8 Re7 37. Rd6 Ne4 38. Rc6 Nd2+ 39. Ke2 Ne4 40. hxg5 hxg5 41. g4 Nf6 42. Kf3 Nd5 43. e4 Nf6 44. Rc4 Nd7 45. Rd4 Ne5+ 46. Kg3 Rc7 47. Rd5 Rc3+ 48. Kg2 Kf6 49. Rxa7 Nxg4 50. Rf5+ Kg6 51. Rfxf7 Ne3+ 52. Kf3 Nf5+ 53. Kf2 Nd6 54. Rfe7 Kh5 55. e5 Ne4+ 56. Ke2 Kg4 57. Rf7 Nc5 58. Rf6 Rc4 59. Kd1 Rd4+ 60. Kc2 Re4 61. Re7 Re2+ 62. Kd1 Rxa2 63. e6 Ne4 64. Rf8 Nc3+ 65. Ke1 Re2+ 66. Kf1 Re5 67. Ree8 Nd5 68. Rf2 b5 69. Rd2 b4 70. Kg1 b3 71. Rb2 Nf4 72. e7 Nd3 73. Rb1 b2 74. Rd8 Rxe7 75. Rxd3 1-0


[Site "https://www.chess.com"]

[Event "Titled Tuesday Blitz November 29 Early 2022"]
[White "Osinovsky, Stepan"]
[Black "Aldokhin, Ivan"]
[WhiteFideId "4157354"]
[BlackFideId "24115720"]
[WhiteElo "2222"]
[BlackElo "2313"]
[Result "0-1"]
[Round "05"]
[TimeControl "180+1"]
[Date "2022.11.30"]
[WhiteClock "0:00:01"]
[BlackClock "0:00:04"]

1. Nf3 Nf6 2. g3 g6 3. Bg2 Bg7 4. O-O O-O 5. d3 d5 6. Nbd2 Nc6 7. e4 dxe4 8. dxe4 a5 9. c3 Nd7 10. Qe2 b6 11. Rd1 Ba6 12. Qe1 Qc8 13. Nb3 Nce5 14. Nxe5 Nxe5 15. Bg5 a4 16. Nd4 c5 17. Nf3 Nd3 18. Qd2 Qe6 19. Qc2 h6 20. Be3 a3 21. b3 Rfd8 22. Ne1 Nxe1 23. Rxe1 Rd3 24. Rad1 Rad8 25. c4 Rxd1 26. Rxd1 Rxd1+ 27. Qxd1 Bb7 28. Qd3 Qe5 29. Qc2 Qa1+ 30. Bf1 Qb2 31. Bd3 h5 32. Bc1 Qd4 33. Bxa3 h4 34. Bc1 h3 35. Be3 Qa1+ 36. Bc1 Qe5 37. Bf4 Qd4 38. Be3 Qd6 39. Bf1 Qc6 40. f3 Qd7 41. Kf2 Bd4 42. Qd2 e5 0-1


[Site "https://www.chess.com"]

[Event "Titled Tuesday Blitz November 29 Early 2022"]
[White "Palacio,Igor Da Paz"]
[Black "Ovezdurdyyeva, Jemal"]
[WhiteFideId "2121140"]
[BlackFideId "14001888"]
[WhiteElo "2126"]
[BlackElo "1961"]
[Result "1-0"]
[Round "05"]
[TimeControl "180+1"]
[Date "2022.11.30"]
[WhiteClock "0:00:03"]
[BlackClock "0:00:57"]

1. e4 d6 2. d4 Nf6 3. Nc3 g6 4. Nf3 c6 5. Be2 b5 6. a3 Bg7 7. O-O O-O 8. Re1 a6 9. Bf1 Re8 10. g3 e5 11. dxe5 dxe5 12. Qxd8 Rxd8 13. Nxe5 Re8 14. f4 c5 15. Bg2 Bb7 16. Be3 Nbd7 17. Nxd7 Nxd7 18. e5 Bxg2 19. Kxg2 Rac8 20. Rad1 Re7 21. Nd5 Re6 22. b3 f6 23. exf6 Nxf6 24. Nxf6+ Bxf6 25. Kf3 Kf7 26. Rd7+ Be7 27. Red1 h5 28. R1d5 Kf6 29. Rb7 c4 30. b4 Rcc6 31. Rdd7 Rcd6 32. Bd4+ Kf7 33. Be5 Rxd7 34. Rxd7 a5 35. bxa5 Ra6 36. Bc3 Ke6 37. Rb7 Bxa3 38. Rxb5 Ra7 39. Ke4 Rc7 40. Bd4 c3 41. Rb6+ Kf7 42. Rb5 Re7+ 43. Kd3 Bb2 44. a6 Re8 45. a7 Ra8 46. Rb8 Rxa7 47. Bxa7 1-0


[Site "https://www.chess.com"]

[Event "Titled Tuesday Blitz November 29 Early 2022"]
[White "Pein, Jonathan"]
[Black "Han, Yichen"]
[WhiteFideId "417092"]
[BlackFideId "1054430"]
[WhiteElo "2227"]
[BlackElo "2323"]
[Result "1/2-1/2"]
[Round "05"]
[TimeControl "180+1"]
[Date "2022.11.30"]
[WhiteClock "0:00:09"]
[BlackClock "0:00:21"]

1. d4 Nf6 2. f3 d5 3. e4 dxe4 4. Nc3 e5 5. dxe5 Qxd1+ 6. Nxd1 Nfd7 7. fxe4 Nxe5 8. Nf3 Nbc6 9. Bb5 Bd7 10. Bf4 Bd6 11. Bxc6 Nxf3+ 12. gxf3 Bxf4 13. Bxd7+ Kxd7 14. Nf2 Rae8 15. Nd3 Bd6 16. Kf2 g6 17. h4 h5 18. Rad1 Kc8 19. c4 b6 20. c5 bxc5 21. Rc1 f6 22. Nxc5 g5 23. hxg5 fxg5 24. Nd3 h4 25. Rc4 Ref8 26. Kg2 h3+ 27. Kf2 g4 28. e5 Rxf3+ 29. Ke2 Be7 30. Rxg4 Rf5 31. Rg7 Bg5 32. Rh2 Bh6 33. Rg3 Bf4 34. Nxf4 Rxf4 35. Rhxh3 Re8 36. Re3 Rf5 37. Kd2 Rfxe5 38. Rxe5 Rxe5 39. Rd3 Kb7 40. Kc3 Rh5 41. a3 Kb6 42. Kb3 Rg5 43. Kc3 a5 44. Kb3 Kb5 45. a4+ Kb6 46. Kc3 Rg4 47. b3 Rg1 48. Kc4 Rc1+ 49. Rc3 Rh1 50. Rd3 Rh4+ 51. Kc3 Kc5 52. Rf3 Rh5 53. Re3 Rd5 54. Re8 Rf5 55. Re3 Rf1 56. Re5+ Kb6 57. Rb5+ Ka6 58. Kc4 Rc1+ 59. Kd4 c6 60. Rc5 Rd1+ 61. Kc3 Rc1+ 62. Kd4 Rd1+ 63. Kc3 Rc1+ 64. Kd4 1/2-1/2


[Site "https://www.chess.com"]

[Event "Titled Tuesday Blitz November 29 Early 2022"]
[White "Petrovic, Aleksa"]
[Black "Putri, Regita Desyari"]
[WhiteFideId "967629"]
[BlackFideId "7109083"]
[WhiteElo "2224"]
[BlackElo "1930"]
[Result "1-0"]
[Round "05"]
[TimeControl "180+1"]
[Date "2022.11.30"]
[WhiteClock "0:02:31"]
[BlackClock "0:01:10"]

1. d4 Nf6 2. c4 g6 3. Nc3 d5 4. cxd5 Nxd5 5. e4 Nxc3 6. bxc3 Bg7 7. Nf3 O-O 8. Be2 c5 9. Rb1 Nc6 10. d5 Bxc3+ 11. Bd2 Bxd2+ 12. Qxd2 Nd4 13. Nxd4 cxd4 14. Qxd4 Qa5+ 15. Qd2 Qxd2+ 16. Kxd2 Rd8 17. Ke3 e6 18. dxe6 fxe6 19. Rhc1 b6 20. Rc7 Rd7 21. Rbc1 Rd8 22. Re7 1-0


[Site "https://www.chess.com"]

[Event "Titled Tuesday Blitz November 29 Early 2022"]
[White "Poltorak, Sebastian"]
[Black "Yuan, Qingyu"]
[WhiteFideId "1199498"]
[BlackFideId "8609772"]
[WhiteElo "2196"]
[BlackElo "2359"]
[Result "0-1"]
[Round "05"]
[TimeControl "180+1"]
[Date "2022.11.30"]
[WhiteClock "0:00:44"]
[BlackClock "0:01:20"]

1. e4 e5 2. Nc3 Nf6 3. g3 d5 4. exd5 Nxd5 5. Bg2 Nxc3 6. bxc3 Nc6 7. Ne2 Bc5 8. O-O O-O 9. Rb1 Bb6 10. d3 Bf5 11. Be3 Qd7 12. Qd2 Rfe8 13. Rbe1 e4 14. dxe4 Qxd2 15. Bxd2 Bxe4 16. Bxe4 Rxe4 17. Nf4 Ra4 18. Ra1 Rd8 19. Nd3 Na5 20. Rfe1 Nc4 21. Bg5 f6 22. Bf4 Kf7 23. Re2 Na3 24. Rae1 Rd7 25. Nb4 Nb5 26. Bd2 a5 27. Nd3 Rxa2 28. Rb1 Rxc2 29. Rxb5 Rxd3 0-1


[Site "https://www.chess.com"]

[Event "Titled Tuesday Blitz November 29 Early 2022"]
[White "Postnikov, Daniil"]
[Black "Roque Sola, Gisela"]
[WhiteFideId "4166329"]
[BlackFideId "5120241"]
[WhiteElo "2261"]
[BlackElo "1961"]
[Result "1-0"]
[Round "05"]
[TimeControl "180+1"]
[Date "2022.11.30"]
[WhiteClock "0:01:13"]
[BlackClock "0:00:16"]

1. e4 c5 2. a3 Nc6 3. b4 b6 4. bxc5 bxc5 5. Nc3 g6 6. Bb2 Bg7 7. Rb1 Nf6 8. Bc4 O-O 9. Nf3 d6 10. h3 Rb8 11. Ba1 Bb7 12. O-O Nd4 13. Re1 Nd7 14. Nxd4 Bxd4 15. Nd5 Bxa1 16. Rxa1 Ne5 17. Ba2 e6 18. Nc3 Qg5 19. Rf1 Ba6 20. d3 Rb2 21. f4 Qg3 22. fxe5 Qe3+ 23. Rf2 Qd4 24. Qd2 c4 25. Nd1 cxd3 26. Nxb2 Qxb2 27. Qc1 Qd4 28. cxd3 Rc8 29. Qb2 Qxd3 30. Rc1 Rxc1+ 31. Qxc1 dxe5 32. Qc6 Qxa3 33. Qe8+ 1-0


[Site "https://www.chess.com"]

[Event "Titled Tuesday Blitz November 29 Early 2022"]
[White "Postny, Evgeny"]
[Black "Odegov, Artem"]
[WhiteFideId "2804344"]
[BlackFideId "34183644"]
[WhiteElo "2476"]
[BlackElo "2298"]
[Result "1-0"]
[Round "05"]
[TimeControl "180+1"]
[Date "2022.11.30"]
[WhiteClock "0:00:23"]
[BlackClock "0:00:10"]

1. e4 e6 2. d4 d5 3. Nd2 Nf6 4. e5 Nfd7 5. c3 c5 6. f4 Nc6 7. Ndf3 cxd4 8. cxd4 Bb4+ 9. Kf2 f6 10. h4 O-O 11. Kg3 fxe5 12. fxe5 Ne7 13. Bd3 Nf5+ 14. Kh2 b6 15. g4 Nxh4 16. Kg3 Ng6 17. Rxh7 Kxh7 18. Ng5+ Kg8 19. Bxg6 Qe7 20. Bh7+ Kh8 21. N1f3 Rxf3+ 22. Qxf3 Be1+ 23. Kg2 Ba6 24. Bd3 Bxd3 25. Qxd3 Nf8 26. Be3 Qb4 27. Qe2 Bh4 28. Rh1 Ng6 29. Nf3 Qe7 30. Qc2 1-0


[Site "https://www.chess.com"]

[Event "Titled Tuesday Blitz November 29 Early 2022"]
[White "Przybylski, Wojciech"]
[Black "Weetik, Vjacheslav"]
[WhiteFideId "1117599"]
[BlackFideId "4153472"]
[WhiteElo "2221"]
[BlackElo "2469"]
[Result "1-0"]
[Round "05"]
[TimeControl "180+1"]
[Date "2022.11.30"]
[WhiteClock "0:00:24"]
[BlackClock "0:00:11"]

1. e4 c5 2. Nf3 Nc6 3. Bb5 e6 4. b3 Nge7 5. O-O a6 6. Bxc6 Nxc6 7. Bb2 b5 8. c4 Bb7 9. d3 Qc7 10. Na3 b4 11. Nc2 e5 12. Ne3 Nd4 13. Bxd4 cxd4 14. Nd5 Qd6 15. c5 Qc6 16. Nxe5 Qc8 17. Nb6 Qxc5 18. Nexd7 Qb5 19. Nxa8 Bxa8 20. Nxf8 Kxf8 21. Qg4 g6 22. f4 Kg7 23. f5 Qe5 24. f6+ Kh6 25. Rf4 1-0


[Site "https://www.chess.com"]

[Event "Titled Tuesday Blitz November 29 Early 2022"]
[White "Quinones Garcia, Santiago"]
[Black "Mitrovic, Darko R"]
[WhiteFideId "4408497"]
[BlackFideId "927023"]
[WhiteElo "2249"]
[BlackElo "2150"]
[Result "1-0"]
[Round "05"]
[TimeControl "180+1"]
[Date "2022.11.30"]
[WhiteClock "0:00:43"]
[BlackClock "0:00:02"]

1. d4 Nf6 2. c4 e6 3. Nc3 Bb4 4. Qc2 c5 5. e3 Nc6 6. Nf3 cxd4 7. exd4 d5 8. cxd5 Nxd5 9. Bd3 Be7 10. O-O Ndb4 11. Qe2 Nxd3 12. Qxd3 O-O 13. d5 Nb4 14. Qe2 Nxd5 15. Nxd5 exd5 16. Rd1 Bf6 17. h3 Re8 18. Qd3 Be6 19. Be3 Qd7 20. Rab1 Bf5 21. Qd2 Bxb1 22. Rxb1 b6 23. Rd1 Rad8 24. b3 h6 25. Nd4 Bxd4 26. Bxd4 Qe6 27. Qc3 f6 28. Kh2 Rc8 29. Qg3 Rc2 30. a4 Kf7 31. Rd3 Re2 32. Rf3 Re4 33. Rd3 Rd8 34. Qc7+ Qe7 35. Qc2 Qd6+ 36. g3 Qe6 37. Qc7+ Qe7 38. Qc6 Qe6 39. Qb7+ Rd7 40. Qc8 Re2 41. Rf3 Re7 42. Qh8 Qe4 43. Rf4 Qg6 44. Qd8 1-0


[Site "https://www.chess.com"]

[Event "Titled Tuesday Blitz November 29 Early 2022"]
[White "Radjabov, Teimour"]
[Black "Berezin, Viktor"]
[WhiteFideId "13400924"]
[BlackFideId "14107872"]
[WhiteElo "2709"]
[BlackElo "2310"]
[Result "1-0"]
[Round "05"]
[TimeControl "180+1"]
[Date "2022.11.30"]
[WhiteClock "0:00:04"]
[BlackClock "0:00:01"]

1. Nf3 Nf6 2. c4 g6 3. Nc3 Bg7 4. g3 O-O 5. Bg2 d6 6. d3 Nc6 7. O-O a6 8. Rb1 Rb8 9. b3 b5 10. Bb2 e5 11. Nd2 Bd7 12. Rc1 h5 13. h4 Nd4 14. e3 Ne6 15. Ba1 Nc5 16. Qe2 Bf5 17. Nde4 Nfxe4 18. Nxe4 Nxe4 19. dxe4 Bg4 20. Qd3 bxc4 21. Rxc4 Bd7 22. a4 Be6 23. Rc3 c5 24. Kh2 Rb6 25. f4 exf4 26. exf4 Bxc3 27. Qxc3 f6 28. f5 Rxb3 29. Qd2 gxf5 30. exf5 Bc4 31. Rc1 d5 32. Qh6 Qc7 33. Qg6+ Qg7 34. Rxc4 dxc4 35. Bd5+ Kh8 36. Qxh5+ Qh7 37. Qg4 Rd3 38. Bxc4 Rd2+ 39. Kh3 Qg7 40. Qh5+ Qh7 41. Bxf6+ Rxf6 42. Qe8+ Kg7 43. Qe7+ Kh8 44. Qe8+ Kg7 45. Qe7+ Kh8 46. Qxf6+ Qg7 47. Qe6 Rf2 48. Qe4 Rd2 49. Qe6 Rf2 50. Qc8+ Kh7 51. Qxc5 Rf3 52. Qd6 Rc3 53. Bd3 Kg8 54. Qd8+ Qf8 55. Qd4 Rc7 56. f6 Qc8+ 57. Kh2 Kf7 58. Qe5 Rd7 59. Bf5 Rd2+ 60. Kh3 Qd8 61. Be6+ Kf8 62. Qg5 Ke8 63. Qg8# 1-0


[Site "https://www.chess.com"]

[Event "Titled Tuesday Blitz November 29 Early 2022"]
[White "Rangel, Daniel"]
[Black "Chernobay, Artem"]
[WhiteFideId "2124475"]
[BlackFideId "4167406"]
[WhiteElo "2225"]
[BlackElo "2473"]
[Result "0-1"]
[Round "05"]
[TimeControl "180+1"]
[Date "2022.11.30"]
[WhiteClock "0:00:20"]
[BlackClock "0:00:31"]

1. d4 Nf6 2. c4 e6 3. Nc3 Bb4 4. e3 O-O 5. Ne2 d5 6. a3 Bd6 7. Ng3 c6 8. Bd3 Nbd7 9. e4 e5 10. exd5 exd4 11. Nce4 cxd5 12. Nxd6 Qe7+ 13. Qe2 Qxd6 14. Nf5 Qe5 15. Ne7+ Kh8 16. Nxd5 Nxd5 17. cxd5 Re8 18. Qxe5 Nxe5 19. Kd2 Nxd3 20. Kxd3 Bf5+ 21. Kxd4 Rac8 22. Be3 b5 23. Rac1 Bc2 24. d6 Rc4+ 25. Kd5 Be4# 0-1


[Site "https://www.chess.com"]

[Event "Titled Tuesday Blitz November 29 Early 2022"]
[White "Remizov, Yaroslav"]
[Black "Manukyan, Sargis A."]
[WhiteFideId "34134015"]
[BlackFideId "13303970"]
[WhiteElo "2414"]
[BlackElo "2187"]
[Result "0-1"]
[Round "05"]
[TimeControl "180+1"]
[Date "2022.11.30"]
[WhiteClock "0:00:05"]
[BlackClock "0:00:44"]

1. d4 Nf6 2. c4 c5 3. d5 e6 4. Nc3 exd5 5. cxd5 Bd6 6. e4 O-O 7. Nf3 Re8 8. Bd3 Bc7 9. O-O d6 10. h3 a6 11. a4 Nbd7 12. Nd2 Rb8 13. f4 Ba5 14. Qc2 Qc7 15. Nf3 c4 16. Be2 Bxc3 17. Qxc3 Rxe4 18. Qd2 Qc5+ 19. Kh1 Qxd5 20. Qc2 b5 21. Ng5 Re8 22. axb5 axb5 23. Bf3 Qc5 24. Bd2 d5 25. Rfe1 Bb7 26. Rxe8+ Rxe8 27. Re1 Rxe1+ 28. Bxe1 h6 29. Bf2 Qc7 30. Qf5 hxg5 31. fxg5 Ne4 32. Bxe4 dxe4 33. Bd4 Qd6 34. Be3 Bc6 35. g6 Qxg6 36. Qf4 Qf6 37. Qc7 b4 38. Qc8+ Kh7 0-1


[Site "https://www.chess.com"]

[Event "Titled Tuesday Blitz November 29 Early 2022"]
[White "Reprintsev, Alexander"]
[Black "Sharifov, Mekhriddin"]
[WhiteFideId "14100541"]
[BlackFideId "14701545"]
[WhiteElo "2230"]
[BlackElo "2109"]
[Result "1-0"]
[Round "05"]
[TimeControl "180+1"]
[Date "2022.11.30"]
[WhiteClock "0:01:14"]
[BlackClock "0:00:01"]

1. e4 c5 2. b3 g6 3. Bb2 Nf6 4. e5 Nh5 5. Qf3 Nc6 6. Bc4 e6 7. Qe3 Nb4 8. Na3 Be7 9. Nf3 a6 10. O-O b5 11. Be2 Bb7 12. c4 bxc4 13. Nxc4 Nc2 14. Qh6 Nxa1 15. Nd6+ Bxd6 16. exd6 f6 17. Ng5 e5 18. Bxh5 fxg5 19. Bxg6+ hxg6 20. Qxh8+ Kf7 21. Qxe5 Kf8 22. Qg7+ Ke8 23. Qg8# 1-0


[Site "https://www.chess.com"]

[Event "Titled Tuesday Blitz November 29 Early 2022"]
[White "Rian, Kapriaga"]
[Black "Hambleton, Aman"]
[WhiteFideId "7103263"]
[BlackFideId "2606577"]
[WhiteElo "2218"]
[BlackElo "2538"]
[Result "0-1"]
[Round "05"]
[TimeControl "180+1"]
[Date "2022.11.30"]
[WhiteClock "0:00:16"]
[BlackClock "0:00:09"]

1. d4 Nf6 2. Nf3 e6 3. Bf4 Bd6 4. Bg3 Ne4 5. e3 Nxg3 6. hxg3 g6 7. Nbd2 Bf8 8. Bd3 Bg7 9. Qe2 d6 10. e4 Nc6 11. c3 e5 12. dxe5 Nxe5 13. Nxe5 Bxe5 14. Nf3 Bg7 15. e5 dxe5 16. Nxe5 Qe7 17. Bb5+ c6 18. Nxc6 Qxe2+ 19. Kxe2 a6 20. Ba4 Bd7 21. Na5 Bxa4 22. Nxb7 Rb8 23. Nd6+ Ke7 24. Nc4 Bb5 25. b3 Bxc4+ 26. bxc4 Rb2+ 27. Kf3 Rc8 28. Rxh7 Kf8 29. Rh4 Rc2 30. Rb1 Rxc3+ 31. Ke2 R3xc4 32. Rxc4 Rxc4 33. Kd3 Rc3+ 34. Kd2 Ra3 35. Rb8+ Ke7 36. Rb7+ Ke6 37. Rb6+ Kf5 38. Rb7 Rxa2+ 39. Ke3 Ra3+ 40. Ke2 Ke6 41. Rb6+ Ke5 42. Rb7 Ra2+ 43. Ke3 Ra3+ 44. Ke2 Bf6 45. Rxf7 Ra2+ 46. Ke3 Ra3+ 47. Ke2 g5 48. Rf8 Ra2+ 49. Ke3 Ra3+ 50. Ke2 a5 51. Re8+ Kf5 52. Rf8 Ra2+ 53. Ke3 Ra3+ 54. Ke2 Rb3 55. g4+ Ke6 56. Ra8 Rb5 57. g3 Ke5 58. Ke3 Rb3+ 59. Ke2 Rb2+ 60. Ke3 Rb3+ 61. Ke2 Ra3 62. Ra6 Be7 63. Ra7 Ra2+ 64. Kf3 Bc5 65. Kg2 Bxa7 66. Kh3 Kf6 67. f3 a4 68. f4 Kg7 69. fxg5 Ra1 70. g6 Rh1+ 71. Kg2 Rh8 72. g5 Kxg6 73. g4 Kxg5 74. Kg3 Rf8 75. Kh3 a3 76. Kg3 a2 77. Kh3 a1=Q 78. Kg3 Qc3+ 79. Kg2 Qd2+ 80. Kh3 Qe3+ 81. Kg2 Rf2+ 82. Kh1 Qe1# 0-1


[Site "https://www.chess.com"]

[Event "Titled Tuesday Blitz November 29 Early 2022"]
[White "Roman, Rodrigo"]
[Black "Aqib Javaid Butt"]
[WhiteFideId "3701220"]
[BlackFideId "7801262"]
[WhiteElo "1995"]
[BlackElo "1659"]
[Result "0-1"]
[Round "05"]
[TimeControl "180+1"]
[Date "2022.11.30"]
[WhiteClock "0:01:48"]
[BlackClock "0:00:16"]

1. e4 c6 2. Nf3 d5 3. exd5 cxd5 4. d4 Nc6 5. h3 Bf5 6. c3 Nf6 7. Bb5 a6 8. Bxc6+ bxc6 9. Ne5 Qc7 10. Qa4 Bd7 11. Bf4 Qb7 12. Qb3 Qxb3 13. axb3 Nh5 14. Bh2 g6 15. Nd2 Bg7 16. b4 Bxe5 17. Bxe5 f6 18. Bh2 Kf7 19. Nb3 e5 20. Nc5 Be6 21. g4 Nf4 22. Bxf4 exf4 23. Kd2 h5 24. f3 hxg4 25. hxg4 Rxh1 26. Rxh1 a5 27. bxa5 Rxa5 28. Rh7+ Kg8 29. Rc7 Bf7 30. Rxc6 Ra2 31. Kc2 Ra1 32. Rxf6 Rf1 33. Rxf4 g5 34. Rf6 Kg7 35. Nd7 Be8 36. Rf5 Bxd7 37. Rxd5 Rf2+ 38. Kb1 Rf1+ 39. Kc2 Rf2+ 40. Kd3 Be6 41. Re5 Kf6 42. b4 Rxf3+ 43. Kc2 Bxg4 44. b5 Bf5+ 45. Kd2 g4 46. b6 Rf2+ 47. Ke3 Rb2 48. Kf4 Rf2+ 49. Kg3 Rf3+ 50. Kg2 Rxc3 51. Rb5 Be4+ 52. Kf2 g3+ 53. Ke2 g2 54. b7 Bxb7 55. Rb6+ Kf5 56. Kd2 Rg3 57. Rb5+ Ke4 58. Rxb7 g1=Q 59. Re7+ Kxd4 60. Rd7+ Kc4 61. Rc7+ Qc5 62. Rd7 Qd4+ 63. Rxd4+ Kxd4 64. Ke2 Ra3 65. Kf2 Ke4 66. Kg2 Kf4 67. Kf2 Ra2+ 68. Ke1 Ke3 69. Kd1 Rh2 70. Kc1 Kd3 71. Kb1 Kc3 72. Ka1 Kb3 0-1


[Site "https://www.chess.com"]

[Event "Titled Tuesday Blitz November 29 Early 2022"]
[White "Ronka, Erik"]
[Black "Bok, Benjamin"]
[WhiteFideId "505080"]
[BlackFideId "1017063"]
[WhiteElo "2264"]
[BlackElo "2658"]
[Result "0-1"]
[Round "05"]
[TimeControl "180+1"]
[Date "2022.11.30"]
[WhiteClock "0:00:02"]
[BlackClock "0:01:13"]

1. e4 c5 2. Nf3 d6 3. d4 cxd4 4. Nxd4 Nf6 5. Nc3 a6 6. Be3 e5 7. Nb3 Be6 8. f3 Be7 9. Qd2 O-O 10. O-O-O Nbd7 11. g4 b5 12. g5 Nh5 13. Kb1 Nb6 14. Na5 Qc7 15. Nd5 Nxd5 16. exd5 Bf5 17. Nc6 f6 18. h4 fxg5 19. hxg5 Ng3 20. Rg1 Nxf1 21. Rdxf1 Bg6 22. a3 Rf5 23. f4 Raf8 24. Re1 Kh8 25. fxe5 dxe5 26. Nxe7 Qxe7 27. d6 Qd7 28. Rd1 Rc8 29. Ka1 Rff8 30. Rdf1 Rfd8 31. c3 Qe6 32. Qf2 Kg8 33. Bc5 Bf7 34. b3 Qxb3 0-1


[Site "https://www.chess.com"]

[Event "Titled Tuesday Blitz November 29 Early 2022"]
[White "Roque Sola, Jose Luis"]
[Black "Rios Escobar, Adan"]
[WhiteFideId "5120390"]
[BlackFideId "3403645"]
[WhiteElo "2117"]
[BlackElo "2315"]
[Result "1-0"]
[Round "05"]
[TimeControl "180+1"]
[Date "2022.11.30"]
[WhiteClock "0:00:09"]
[BlackClock "0:00:30"]

1. c4 Nf6 2. Nc3 g6 3. Nf3 Bg7 4. g3 c5 5. Bg2 O-O 6. O-O Nc6 7. a3 d5 8. cxd5 Nxd5 9. Ne4 b6 10. d3 Bb7 11. Rb1 Rc8 12. Bd2 Rc7 13. b4 cxb4 14. axb4 Qa8 15. b5 Nd4 16. Nxd4 Bxd4 17. Bh6 Rfc8 18. e3 Bg7 19. Bxg7 Kxg7 20. Rb3 Nf6 21. Qa1 Rc2 22. g4 h6 23. h4 Kf8 24. Ra3 g5 25. Rxa7 Qb8 26. Nxf6 Bxg2 27. Nh7+ Kg8 28. Kxg2 Kxh7 29. Rxe7 Kg8 30. Qf6 gxh4 31. Qxf7+ Kh8 32. Qg7# 1-0


[Site "https://www.chess.com"]

[Event "Titled Tuesday Blitz November 29 Early 2022"]
[White "Rosen, Eric"]
[Black "Garagulya, Konstantin"]
[WhiteFideId "2032562"]
[BlackFideId "4128931"]
[WhiteElo "2362"]
[BlackElo "2329"]
[Result "1-0"]
[Round "05"]
[TimeControl "180+1"]
[Date "2022.11.30"]
[WhiteClock "0:00:17"]
[BlackClock "0:00:02"]

1. d4 Nf6 2. Bf4 e6 3. e3 c5 4. Nf3 Qb6 5. Na3 d5 6. Nb5 Na6 7. a4 c4 8. c3 Bd7 9. b3 cxb3 10. Qxb3 Be7 11. Bd3 O-O 12. O-O Nh5 13. Be5 f6 14. a5 Qc6 15. Bf4 Nxf4 16. exf4 Nc7 17. Nxc7 Qxc7 18. c4 Qxf4 19. cxd5 Qd6 20. Bc4 exd5 21. Bxd5+ Kh8 22. Bxb7 Rab8 23. a6 Bc6 24. d5 Bxb7 25. axb7 Qb6 26. Qc4 Rxb7 27. Ra6 Qc5 28. Qe4 Rd7 29. Re6 Rfd8 30. Re1 Bf8 31. h4 Qxd5 32. Qg4 Kg8 33. h5 h6 34. Rxf6 1-0


[Site "https://www.chess.com"]

[Event "Titled Tuesday Blitz November 29 Early 2022"]
[White "Rosenberg, Evan S"]
[Black "Pinheiro, Iung Alicio de O."]
[WhiteFideId "2019299"]
[BlackFideId "2104350"]
[WhiteElo "2401"]
[BlackElo "2283"]
[Result "1-0"]
[Round "05"]
[TimeControl "180+1"]
[Date "2022.11.30"]
[WhiteClock "0:00:38"]
[BlackClock "0:00:15"]

1. d4 Nf6 2. Nf3 g6 3. Nc3 d5 4. Bf4 Bg7 5. Nb5 Na6 6. e3 O-O 7. h3 c6 8. Nc3 c5 9. Bxa6 bxa6 10. O-O cxd4 11. Qxd4 Bf5 12. Rac1 Qa5 13. Be5 Rfd8 14. Rfd1 Ne8 15. Bxg7 Nxg7 16. Nxd5 Ne6 17. Nxe7+ Kf8 18. Qf6 Rxd1+ 19. Rxd1 Bxc2 20. Rd7 Ke8 21. Ne5 Qxe5 22. Qxe5 Kxd7 23. Qd5+ Kxe7 24. Qxa8 Nc7 25. Qc6 1-0


[Site "https://www.chess.com"]

[Event "Titled Tuesday Blitz November 29 Early 2022"]
[White "Sadovsky, Artem"]
[Black "Simonovic, Miroslav"]
[WhiteFideId "4155840"]
[BlackFideId "919152"]
[WhiteElo "2312"]
[BlackElo "2043"]
[Result "1-0"]
[Round "05"]
[TimeControl "180+1"]
[Date "2022.11.30"]
[WhiteClock "0:01:58"]
[BlackClock "0:00:07"]

1. Nf3 c5 2. e3 Nc6 3. d4 cxd4 4. exd4 d5 5. c3 g6 6. h3 Bg7 7. Bd3 Nf6 8. O-O O-O 9. Re1 h6 10. Bf4 a6 11. Ne5 Nd7 12. Nxc6 bxc6 13. Nd2 c5 14. Nf3 cxd4 15. cxd4 Nf6 16. Qd2 Kh7 17. Ne5 Bb7 18. Rac1 Ne4 19. Bxe4 dxe4 20. Ng4 f5 21. Nxh6 Qxd4 22. Qxd4 Bxd4 23. Rc7 Bd5 24. Rd1 Bg7 25. Rxd5 Rae8 26. Rxe7 Rxe7 27. Bd6 Rd7 28. g4 Rdf7 29. Nxf7 Rxf7 30. gxf5 gxf5 31. b4 Rd7 32. Rd2 Bf8 33. Bf4 Rxd2 34. Bxd2 Bd6 35. a4 Kg6 36. b5 axb5 37. axb5 Bc7 38. Be3 f4 39. b6 Bb8 40. Bc5 Kf5 41. Be7 e3 42. fxe3 fxe3 43. Bd8 Ke4 44. Bc7 e2 45. Kf2 Bxc7 46. bxc7 Kd3 47. c8=Q Kd2 48. Qd7+ Kc1 49. Ke1 1-0


[Site "https://www.chess.com"]

[Event "Titled Tuesday Blitz November 29 Early 2022"]
[White "Sadykov, Ramil"]
[Black "Akbas, Umut Ata"]
[WhiteFideId "24113590"]
[BlackFideId "44572646"]
[WhiteElo "2245"]
[BlackElo "2192"]
[Result "0-1"]
[Round "05"]
[TimeControl "180+1"]
[Date "2022.11.30"]
[WhiteClock "0:00:17"]
[BlackClock "0:00:15"]

1. e4 c5 2. Nf3 d6 3. d4 cxd4 4. Nxd4 Nf6 5. f3 e6 6. c4 Nc6 7. Nc3 Be7 8. Be2 O-O 9. O-O d5 10. cxd5 exd5 11. exd5 Nb4 12. Kh1 Nbxd5 13. Bd2 Nxc3 14. Bxc3 Nd5 15. Bd2 Bf6 16. Bc1 Qb6 17. Nb3 Be6 18. Bd3 Rad8 19. Qe2 Rfe8 20. Be4 g6 21. Bd2 Nb4 22. Bc3 Bxc3 23. bxc3 Nd5 24. Rac1 Nf4 25. Qf2 Qxf2 26. Rxf2 Nd3 27. Bxd3 Rxd3 28. Nc5 Re3 29. Nxb7 Bxa2 30. Kg1 Bd5 31. c4 Bxb7 0-1


[Site "https://www.chess.com"]

[Event "Titled Tuesday Blitz November 29 Early 2022"]
[White "Sagita, Catur Adi"]
[Black "Ozen, Bahadir"]
[WhiteFideId "7104618"]
[BlackFideId "6337058"]
[WhiteElo "2232"]
[BlackElo "2503"]
[Result "0-1"]
[Round "05"]
[TimeControl "180+1"]
[Date "2022.11.30"]
[WhiteClock "0:02:46"]
[BlackClock "0:01:59"]

1. d4 d6 2. c4 Nf6 3. Nc3 Nbd7 4. e4 e5 5. Nf3 c6 6. Rg1 exd4 7. Nxd4 Nc5 8. f3 g6 9. Be3 Bg7 10. Qd2 O-O 11. O-O-O Qe7 0-1


[Site "https://www.chess.com"]